 Dungeon Crawl Stone Soup version 0.30-a0-878-gc727b3d3d6 (webtiles) character file.

Game seed: 17559785630884404021

1554 112233 the Stinger (level 8, 0/54 HPs)
             Began as an Octopode Venom Mage on Mar 12, 2023.
             Was an Initiate of Vehumet.
             Slain by an ice beast (13 damage)
             ... on level 6 of the Dungeon.
             The game lasted 00:11:23 (8635 turns).

112233 the Stinger (Octopode Venom Mage)            Turns: 8635, Time: 00:11:24

Health: 0/54       AC:  1    Str:  8    XL:     8   Next: 88%
Magic:  7/16       EV: 14    Int: 19    God:    Vehumet [......]
Gold:   285        SH:  0    Dex: 12    Spells: 6/18 levels left

rFire   + . .      SeeInvis .    B - +2 rapier (freeze)
rCold   . . .      Faith    .    (no shield)
rNeg    . . .      Spirit   .    (helmet restricted)
rPois   .          Reflect  .    (no amulet)
rElec   .          Rampage  .    o - ring of protection from fire
rCorr   .                        s - +4 ring of slaying
Will    .....                    (no ring)
Stlth   +++                      (no ring)
HPRegen 0.29/turn                (no ring)
MPRegen 0.15/turn                (no ring)
                                 (no ring)
                                 (no ring)

@: no status effects
A: almost no armour, amphibious, 8 rings, camouflage 1, gelatinous body 1,
(nimble swimmer 1), tentacles
a: Renounce Religion


You were on level 6 of the Dungeon.
You worshipped Vehumet.
Vehumet was noncommittal.
You visited 2 branches of the dungeon, and saw 8 of its levels.

You collected 285 gold pieces.

Inventory:

Hand Weapons
 B - a +2 rapier of freezing (weapon)
Armour
 l - an orb of energy
 r - a +0 buckler
Jewellery
 o - a ring of protection from fire (left tentacle)
 s - a +4 ring of slaying (right tentacle)
 t - a +5 ring of evasion
Wands
 v - a wand of paralysis (6)
 x - a wand of flame (11) (quivered)
 y - a wand of roots (5)
Scrolls
 a - 2 scrolls of immolation {unknown}
 d - 3 scrolls of blinking {unknown}
 e - a scroll of silence {unknown}
 g - 5 scrolls of identify {unknown}
 k - a scroll of amnesia {unknown}
 m - 2 scrolls of vulnerability {unknown}
 n - a scroll of noise {unknown}
 u - a scroll of enchant armour {unknown}
 w - a scroll of poison {unknown}
Potions
 b - a potion of attraction
 h - a potion of flight
 i - 2 potions of haste
 j - a potion of invisibility {unknown}
 p - a potion of ambrosia
 q - a potion of might {unknown}
 z - a potion of lignification {unknown}
 A - a potion of mutation {unknown}


   Skills:
 + Level 4.8 Fighting
 + Level 5.3 Dodging
 - Level 2.8 Stealth
 + Level 5.5 Spellcasting
 - Level 1.1 Transmutations
 + Level 7.7 Poison Magic


You had 6 spell levels left.
You knew the following spells:

 Your Spells              Type           Power      Damage    Failure   Level
a - Sting                 Tmut/Pois      88%        1d7       1%          1
b - Poisonous Vapours     Pois/Air       40%        N/A       3%          2
c - Mephitic Cloud        Conj/Pois/Air  15%        N/A       12%         3
d - Olgreb's Toxic Radia  Pois           34%        N/A       4%          4
e - Passwall              Tmut/Erth      5%         N/A       14%         2

Your spell library contained the following spells:

 Spells                   Type           Power      Damage    Failure   Level
 Ensorcelled Hibernation  Hex/Ice        10%        N/A       19%         2
 Kindle Blastsparks       Fire/Tloc/Air  10%        2d10      34%         3
 Swiftness                Air            5%         N/A       34%         3
 Fulminant Prism          Conj/Hex       2%         3d5       75%         4
 Iskenderun's Mystic Bla  Conj/Tloc      5%         2d3       75%         4
 Lee's Rapid Deconstruct  Erth           2%         3d5*      97%         5


Dungeon Overview and Level Annotations

Branches:
Dungeon (7/15)             Temple (1/1) D:5

Altars:
Ashenzari
Dithmenos
Fedhas
Hepliaklqana
Makhleb
Okawaru
Qazlal
Ru
Sif Muna
Uskayaw
Vehumet
Xom
Yredelemnul
Zin
The Shining One

Annotations:
D:3 2 runed translucent doors, Gerhazo's ghost, weakling DECj
D:6 exclusion: upstairs


Innate Abilities, Weirdness & Mutations

You cannot wear most types of armour.
You are amphibious.
You can wear up to eight rings at the same time.
Your skin changes colour to match your surroundings (Stealth+).
Your rubbery body absorbs attacks. (AC +1, EV +1)
((You are camouflaged when in or above water. (Stealth+)))
You have tentacles for arms and can constrict up to eight enemies at once.


Message History

Casting: Sting (safe; 1% risk of failure)
Confirm with . or Enter, or press ? or * to list all spells.
Aiming: Sting (safe; 1% risk of failure)
Press: ? - help, Shift-Dir - straight line, f/p - ice beast
Aim: an ice beast (moderately wounded, very poisoned, 76% to hit)
The sting misses the ice beast.
The ice beast hits you. The ice beast freezes you!
Unknown command.
Casting: Sting (safe; 1% risk of failure)
Confirm with . or Enter, or press ? or * to list all spells.
Aiming: Sting (safe; 1% risk of failure)
Press: ? - help, Shift-Dir - straight line, f/p - ice beast
Aim: an ice beast (moderately wounded, very poisoned, 76% to hit)
The sting hits the ice beast.
The ice beast partially resists.
The ice beast is moderately wounded.
The ice beast hits you. The ice beast freezes you!
Unknown command.
Casting: Sting (safe; 1% risk of failure)
Confirm with . or Enter, or press ? or * to list all spells.
Aiming: Sting (safe; 1% risk of failure)
Press: ? - help, Shift-Dir - straight line, f/p - ice beast
Aim: an ice beast (heavily wounded, very poisoned, 76% to hit)
The sting hits the ice beast but does no damage.
The ice beast looks even sicker.
The ice beast is heavily wounded.
The ice beast completely misses you.
Casting: Sting (safe; 1% risk of failure)
Confirm with . or Enter, or press ? or * to list all spells.
Aiming: Sting (safe; 1% risk of failure)
Press: ? - help, Shift-Dir - straight line, f/p - ice beast
Aim: an ice beast (heavily wounded, very poisoned, 76% to hit)
The sting hits the ice beast but does no damage.
The ice beast looks as sick as possible!
The ice beast is heavily wounded.
The ice beast hits you. The ice beast freezes you!
* * * LOW HITPOINT WARNING * * *
The ice beast attacks as you move away! The ice beast hits you.
* * * LOW HITPOINT WARNING * * *
The ice beast freezes you!
You die...

# ##########
#.........
###########.########
#.Y@........# # ###
#.########### ###
#...... . ##..
#.###.# #. ##โ‰ˆ^.
#.# #.# .###.##โ‰ˆ
#.# #.# .....## #.#
#.#######
####.#.^#โ‰ˆ #.#
#.....o.. ..#.#.^.ยง
###.###.# #.#......


You could see an ice beast (extremely poisoned).

Vanquished Creatures
  A wyvern (D:6)
  Sigmund (D:5)
  Eustachio (D:5)
  A water moccasin (D:5)
  A black bear (D:5)
  A centaur (D:7)
  A phantom (D:7)
  Blork the orc (D:5)
  4 scorpions
  3 hounds
  A jelly (D:6)
  2 sleepcaps (D:5)
  3 iguanas
  2 orc wizards (D:5)
  6 adders
  2 shadow imps (D:5)
  An ufetubus (D:5)
  2 worms
  2 dart slugs
  20 orcs
  4 ball pythons
  8 endoplasms
  2 giant cockroaches
  5 goblins
  7 hobgoblins
  8 jackals
  4 quokkas
  7 bats
  4 frilled lizards
  3 kobolds
  5 rats
113 creatures vanquished.

Vanquished Creatures (others)
  2 plants (D:4)
2 creatures vanquished.

Grand Total: 115 creatures vanquished

Notes
Turn   | Place    | Note
-------+----------+-------------------------------------------
     0 | D:1      | 112233 the Octopode Venom Mage began the quest for the Orb.
     0 | D:1      | Reached XP level 1. HP: 11/11 MP: 3/3
   292 | D:1      | Reached XP level 2. HP: 17/17 MP: 0/5
   436 | D:1      | Reached skill level 4 in Poison Magic
   496 | D:1      | Learned a level 2 spell: Poisonous Vapours
  1136 | D:2      | Reached XP level 3. HP: 21/21 MP: 0/7
  1475 | D:2      | Learned a level 3 spell: Mephitic Cloud
  2051 | D:2      | Reached XP level 4. HP: 27/27 MP: 3/8
  2588 | D:3      | Noticed a scorpion
  2600 | D:3      | Killed a scorpion
  2601 | D:3      | Reached skill level 1 in Fighting
  2601 | D:3      | Reached skill level 5 in Poison Magic
  2601 | D:3      | Reached XP level 5. HP: 25/33 MP: 1/9
  3420 | D:3      | Found a runed translucent door.
  3424 | D:3      | Noticed Gerhazo's ghost (weakling DECj)
  3469 | D:3      | Found a runed translucent door.
  4480 | D:4      | Found a basalt altar of Yredelemnul.
  4669 | D:4      | Reached XP level 6. HP: 30/39 MP: 3/11
  4795 | D:5      | Entered Level 5 of the Dungeon
  5113 | D:5      | Learned a level 4 spell: Olgreb's Toxic Radiance
  5450 | D:5      | Noticed a black bear
  5460 | D:5      | Killed a black bear
  5614 | D:5      | Reached skill level 6 in Poison Magic
  5614 | D:5      | Reached XP level 7. HP: 36/45 MP: 1/13
  5936 | D:6      | Found a stormy altar of Qazlal.
  5979 | D:6      | Noticed a wyvern
  5990 | D:6      | Killed a wyvern
  6434 | D:7      | Learned a level 2 spell: Passwall
  6870 | D:5      | Reached XP level 8. HP: 39/53 MP: 4/14
  7061 | D:5      | Noticed Eustachio
  7077 | D:5      | Killed Eustachio
  7078 | D:5      | Reached skill level 7 in Poison Magic
  7196 | D:5      | Noticed Blork the orc
  7204 | D:5      | Noticed Sigmund
  7205 | D:5      | HP: 1/54 [Blork the orc/+1 heavy dire flail (25)]
  7207 | D:5      | Found a staircase to the Ecumenical Temple.
  7231 | D:5      | Reached skill level 5 in Spellcasting
  7291 | Temple   | Entered the Ecumenical Temple
  7566 | Temple   | Became a worshipper of Vehumet
  7749 | D:5      | Killed Sigmund
  7750 | D:5      | Reached skill level 5 in Dodging
  7918 | D:5      | Killed Blork the orc
  8635 | D:6      | Slain by an ice beast

Illustrated notes

Levels and vault maps discovered:
D:1:      amcnicky_arrival_gap_in_the_tavern_cellar, layout_loops_ring
D:2:      layout_basic
D:3:      layout_basic, ebering_ghost_sewer_f
D:4:      layout_loops_ring, mainiacjoe_overflow_boulevard
D:5:      layout_basic, temple_fountains, uniq_sigmund, uniq_blork_the_orc,
          uniq_eustachio
D:6:      layout_loops_ring, grunt_qazlal_sundering, slow_altar_2,
          chequers_temple_overflow_minitemple, grunt_gozag_statues,
          minmay_misc_feat_secret_circle
D:7:      layout_loops_ring, nicolae_kikubaaqudgha_miasma_corner,
          uniq_prince_ribbit1
Temple:   dshaligram_water_room_temple

Skill      XL: |  1  2  3  4  5  6  7  8 |
---------------+-------------------------+-----
Poison Magic   | 4 5 6 7 |  7.7
Spellcasting   | 3 4 5 |  5.5
Fighting       | 1 2 3 4 |  4.8
Dodging        | 3 4 5 |  5.3
Stealth        | |  2.8
Transmutations | |  1.1

Action                     |  1- 3 |  4- 6 |  7- 9 || total
---------------------------+-------+-------+-------++-------
  Melee: Unarmed           |    12 |     6 |     6 ||    24
         Tentacles         |     3 |       |     1 ||     4
         Constrict         |     3 |     3 |     2 ||     8
         Rapier            |       |       |     2 ||     2
   Cast: Sting             |    66 |    99 |    80 ||   245
         Poisonous Vapours |    10 |    68 |    30 ||   108
         Mephitic Cloud    |       |       |     6 ||     6
         Olgreb's Toxic Ra |       |       |     3 ||     3
  Evoke: Wand              |       |       |     9 ||     9
    Use: Potion            |     1 |     1 |     4 ||     6
         Scroll            |       |       |     2 ||     2
   Stab: Paralysed         |       |       |     2 ||     2
 Armour: Skin              |     4 |     6 |     1 ||    11
  Dodge: Dodged            |    30 |    38 |    36 ||   104

Table legend: (Time is in decaauts)
 A = Elapsed time spent in this place.
 B = Non-inter-level travel time spent in this place.
 C = Inter-level travel time spent in this place.
 D = Time resting spent in this place.
 E = Time spent auto-exploring this place.
 F = Levels seen in this place.
 G = Mean time per level.
                   A        B        C        D        E       F      G
               +--------+--------+--------+--------+--------+-----+--------+
         Total |   8618 |   8225 |    393 |   2076 |   5203 |   8 | 1077.2 |
       Dungeon |   8333 |   7966 |    367 |   1976 |   5054 |   7 | 1190.4 |
        Temple |    284 |    259 |     25 |    100 |    149 |   1 |  284.0 |
               +--------+--------+--------+--------+--------+-----+--------+

Top non-repeatable levels by time:
     D:5: 2310 daAuts
     D:3: 1497 daAuts
     D:2: 1320 daAuts
     D:1: 1120 daAuts
     D:4: 1064 daAuts
     D:6: 763 daAuts
  Temple: 284 daAuts
     D:7: 257 daAuts
